AoeStats
← TheQuietRiot

Arena

508225442Analyzed
1v1 RM · 11d ago on Sep 21, 2026· 39m 17s· 2 players
Game mode
Random Map
Map size
Tiny (2 player)
Population
200
Speed
Normal
Resources
Standard
Victory
Conquest
Starting age
Dark Age
Ending age
Imperial Age
RankedLock teamsTeams togetherTeam positionsShared explorationLock speedFull tech treeHidden civsTurbo modeCheats
Victory
Defeat
🇬🇧 Britons · United Kingdom
954
+17
🇨🇳 Portuguese · China
984
-17
TheQuietRiot
10:15 Feudal Age
8:31 Loom
10:45 Double-Bit Axe
10:45 Horse Collar
16:51 Castle Age
15:01 Stone Mining
15:02 Gold Mining
19:10 Bow Saw
20:06 Wheelbarrow
20:13 Heavy Plow
22:09 Squires
23:36 Pikeman
26:11 Fletching
26:22 Padded Archer Armor
26:29 Man-at-Arms
26:55 Gambesons
28:30 Long Swordsman
30:30 Gold Shaft Mining
33:15 Imperial Age
32:44 Hand Cart
32:22 Town Watch
32:51 Bodkin Arrow
33:08 Forging
32:59 Scale Mail Armor
33:16 Leather Archer Armor
33:27 Ballistics
34:32 Conscription
35:39 Chemistry
34:42 Bracer
35:00 Chain Mail Armor
34:13 Two-Handed Swordsman
36:12 Plate Mail Armor
35:19 Champion
36:30 Elite Longbowman
38:09 Yeomen
38:21 Warwolf
勇闯天涯
8:19 Loom
11:22 Feudal Age
11:55 Double-Bit Axe
17:16 Castle Age
15:43 Stone Mining
15:42 Horse Collar
16:06 Gold Mining
18:26 Bow Saw
18:58 Stone Shaft Mining
24:09 Wheelbarrow
23:54 Heavy Plow
29:24 Imperial Age
28:25 Fletching
29:01 Hand Cart
28:33 Town Watch
28:37 Treadmill Crane
29:07 Masonry
29:19 Ballistics
29:47 Loom
32:05 Two-Man Saw
31:46 Conscription
31:37 Arquebus
32:51 Elite Organ Gun
36:35 Chemistry
35:32 Murder Holes
Connection lost

Rejoining the realm…

Still unreachable

The connection could not be restored.

Session expired

The server has moved on; the page needs a fresh start.